 Dungeon Crawl Stone Soup version 0.20-a0-1122-gb7cbeb9 (webtiles) character file.

176 Gorglomux the Cudgeler (level 5, -1/41 HPs)
             Began as a Formicid Warper on May 14, 2017.
             Slain by a bullfrog (5 damage)
             ... in a sewer.
             The game lasted 00:07:39 (3598 turns).

Gorglomux the Cudgeler (Formicid Warper)            Turns: 3598, Time: 00:07:39

Health: -1/41      AC:  5    Str: 16    XL:     5   Next: 86%
Magic:  9/9        EV: 17    Int: 13    God:
Gold:   113        SH:  0    Dex: 13    Spells: 8/8 levels left

rFire    . . .     SeeInvis +   a - +0 mace
rCold    . . .     Gourm    .   (no shield)
rNeg     . . .     Faith    .   b - +0 leather armour
rPois    .         Spirit   .   (helmet unavailable)
rElec    .         Reflect  .   (no cloak)
rCorr    .         Harm     .   r - +1 pair of gloves
MR       .....                  (no boots)
Stlth    ++........             (no amulet)
Regen    0.2/turn               (no ring)
MPRegen  0.2/turn               (no ring)

@: agile
A: permanent stasis, dig shafts and tunnels, four strong arms, antennae 3,
clumsy 1, high mp 1, screaming 1, evolution 1
a: Dig, Shaft Self


You were in a sewer.
You were not hungry.

You visited 1 branch of the dungeon, and saw 3 of its levels.
You also visited: Sewer.

You collected 113 gold pieces.

Inventory:

Hand Weapons
 a - a +0 mace (weapon)
Missiles
 e - 5 tomahawks of dispersal {=f}
Armour
 b - a +0 leather armour (worn)
 r - a +1 pair of gloves (worn)
   (You found it on level 1 of the Dungeon)
Scrolls
 d - a scroll of fear {unknown}
 g - a scroll of enchant armour {unknown}
 j - a scroll of amnesia
 k - a scroll of remove curse
Books
 c - a book of Spatial Translocations
Comestibles
 f - 4 bread rations {@e1@e1}
 l - 2 royal jellies
 n - a chunk of flesh {@w0@w0}


   Skills:
 + Level 3.5 Fighting
 * Level 4.9 Maces & Flails
 - Level 1.0 Throwing
 - Level 1.1 Armour
 - Level 1.7 Dodging
 - Level 2.1 Spellcasting
   Level 2.6 Translocations


You had 8 spell levels left.
You didn't know any spells.

Dungeon Overview and Level Annotations

Branches:
Dungeon (3/15)

Altars:


Innate Abilities, Weirdness & Mutations

You cannot be hasted, slowed, berserked, paralysed or teleported.
You can dig through walls and to a lower floor.
Your four strong arms can wield two-handed weapons with a shield.
You have a pair of large antennae on your head. (SInv)
You are clumsy. (Dex -2)
You have an increased reservoir of magic. (+10% MP)
You occasionally shout uncontrollably at your foes.
You evolve.


Message History

MASSIVE DAMAGE!!
Unknown command.
It was a potion of heal wounds.
You feel much better. The bullfrog misses you. The adder misses you.
The bullfrog hits you but does no damage.
Health restored: 41 Unknown command.
It was a potion of magic.
Magic courses through your body.
The bullfrog closely misses you. x2; The adder completely misses you.
The bullfrog barely misses you. The bullfrog closely misses you.
The adder misses you.
You closely miss the adder.
You feel sick. The bullfrog misses you. The bullfrog barely misses you.
The adder misses you. The bullfrog hits you. The bullfrog misses you.
You take 5 damage, and have 36/41 hp.
You sock the adder! The adder bites you but does no damage.
The bullfrog hits you.
The bullfrog hits you but does no damage.
The adder misses you. The bullfrog hits you.
You take 7 damage, and have 29/41 hp.
You barely miss the adder. The bullfrog closely misses you.
The adder bites you but does no damage.
The bullfrog hits you but does no damage.
The bullfrog barely misses you. The adder closely misses you.
You hit the adder.
You kill the adder!
You feel sick.
The bullfrog hits you but does no damage.
The bullfrog hits you. The bullfrog misses you.
The bullfrog closely misses you.
You take 5 damage, and have 24/41 hp.
You miss the bullfrog. The bullfrog completely misses you. x3
The bullfrog hits you.
You take 6 damage, and have 18/41 hp.
You completely miss the bullfrog. The bullfrog hits you. x2
* * * LOW HITPOINT WARNING * * *
The bullfrog misses you. x2
You take 7 damage, and have 11/41 hp.
Unknown command.
You feel much better. The bullfrog hits you. The bullfrog misses you.
You regained 25 hp, and now have 36/41 hp.
You hit the bullfrog.
You feel sick. The bullfrog completely misses you.
The bullfrog barely misses you. The bullfrog completely misses you.
The bullfrog closely misses you.
You take 1 damage, and have 35/41 hp.
You hit the bullfrog but do no damage. The bullfrog barely misses you.
The bullfrog completely misses you. The bullfrog closely misses you.
The bullfrog hits you.
You take 3 damage, and have 32/41 hp.
You hit the bullfrog. The bullfrog hits you!
The bullfrog hits you but does no damage.
The bullfrog hits you.
You take 9 damage, and have 23/41 hp.
MASSIVE DAMAGE!!
Really quaff
p - a potion of mutation {!q}?
You feel extremely strange.
You feel clumsy.
You feel more energetic.
You feel the urge to shout.
You feel nature experimenting on you.
Don't worry, failures die fast.
You feel sick.
You are no longer poisoned.
The bullfrog hits you. The bullfrog misses you. The bullfrog hits you.
You take 6 damage, and have 17/41 hp.
Unknown command.
You feel better.
The bullfrog hits you but does no damage.
The bullfrog barely misses you. The bullfrog closely misses you.
You regained 6 hp, and now have 23/41 hp.
You aren't carrying any items that you can evoke.
Unknown command.
The frilled lizard hisses angrily.
You hit the bullfrog. The bullfrog barely misses you. x2
The bullfrog misses you.
You closely miss the bullfrog. The bullfrog hits you. x3
The bullfrog closely misses you.
You take 8 damage, and have 15/41 hp.
You barely miss the bullfrog. The bullfrog misses you. x3
The bullfrog barely misses you.
You closely miss the bullfrog. The bullfrog hits you.
The bullfrog closely misses you.
You take 1 damage, and have 15/41 hp.
You hit the bullfrog but do no damage. The bullfrog hits you.
* * * LOW HITPOINT WARNING * * *
The bullfrog closely misses you. The bullfrog hits you.
* * * LOW HITPOINT WARNING * * *
The bullfrog completely misses you.
You take 5 damage, and have 10/41 hp.
You closely miss the bullfrog. The bullfrog completely misses you.
The bullfrog closely misses you. The frilled lizard misses you.
The bullfrog completely misses you. The bullfrog closely misses you.
Unknown command.
You hit the bullfrog. The bullfrog hits you.
* * * LOW HITPOINT WARNING * * *
The frilled lizard misses you. The bullfrog closely misses you.
The bullfrog barely misses you.
The frilled lizard bites you but does no damage.
You take 6 damage, and have 4/41 hp.
MP restored: 9 You closely miss the bullfrog.
The bullfrog hits you.
You die...

#############
#####.≈≈.≈≈≈≈.≈≈#
###.!..≈≈.≈≈≈≈≈≈.≈#
#≈...÷#########≈≈≈#
#∩≈≈####≈.≈≈≈≈÷≈≈≈≈####
#####≈...#####≈.≈.≈#≈≈##
##.≈..≈≈≈#≈@F#######≈≈≈####
##≈.≈≈.####≈Fl†≈≈..#≈≈≈≈.≈≈##
##≈≈..###≈.≈≈≈≈≈≈..≈##≈≈#≈.≈≈#
#.≈.≈##≈≈≈≈.#######≈≈#≈≈##≈.≈≈
##≈≈≈##≈≈≈≈###{ ≈##≈≈##≈≈≈
#≈≈≈≈#≈≈.≈## #≈≈≈#≈≈≈
#≈≈≈##≈..## #≈.≈##≈≈
#≈≈≈#.≈.≈# #≈.≈.#≈. #≈≈≈#≈≈.≈#
#≈≈≈≈#≈.


You could see 2 bullfrogs and a frilled lizard.

Vanquished Creatures
  4 adders
  6 oozes (Sewer)
  2 worms (D:2)
  3 dart slugs
  9 leopard geckos (Sewer)
  5 orcs (D:3)
  6 giant cockroaches
  5 goblins
  8 hobgoblins
  4 jackals (D:1)
  6 kobolds
  10 ball pythons (Sewer)
  7 bats
  8 frilled lizards
  4 rats
87 creatures vanquished.

Notes
Turn   | Place    | Note
-------+----------+-------------------------------------------
     0 | D:1      | Gorglomux the Formicid Warper began the quest for the Orb.
     0 | D:1      | Reached XP level 1. HP: 16/16 MP: 3/3
     0 | D:1      | Gorglomux: okay last one
   356 | D:1      | Reached XP level 2. HP: 19/23 MP: 5/5
   451 | D:1      | HP: 5/23 [jackal (1)]
   881 | D:1      | Reached XP level 3. HP: 15/28 MP: 6/6
  1051 | D:1      | Reached skill level 3 in Maces & Flails
  1810 | D:2      | Reached XP level 4. HP: 28/34 MP: 7/7
  2043 | D:3      | Reached skill level 3 in Fighting
  2132 | D:3      | Found a glowing drain.
  2256 | D:3      | Gorglomux: this is why digging early is cool
  2256 | D:3      | Gorglomux: you can get free loot easily
  2262 | D:3      | PeterMcNeter: ohh nice
  2353 | Sewer    | Entered a sewer
  2363 | Sewer    | Reached skill level 4 in Maces & Flails
  2555 | Sewer    | Gorglomux: @?bulfrog
  2555 | Sewer    | beem: ironband convoker ~ ironbrand convoker[3/4]: !tv rexpert vaults 1
  2555 | Sewer    | beem: unknown monster: "bulfrog"
  2555 | Sewer    | Gorglomux: uh
  2555 | Sewer    | Gorglomux: wtf is that ironbrand convoker thing doing ther
  2555 | Sewer    | Gorglomux: @?bullfrog
  2555 | Sewer    | beem: bullfrog (F)
                  | Spd: 15 (swim: 60%)
                  | HD: 4
                  | HP: 18-26
                  | AC/EV: 0/12
                  | Dam: 9
                  | amphibious, cold-blooded
                  | Res: magic(20), drown
                  | XP:
    90 | Sz: Medium | Int: animal.
  2597 | Sewer    | Reached XP level 5. HP: 31/41 MP: 8/8
  2745 | Sewer    | HP: 10/41 [adder (3)]
  2746 | Sewer    | HP: 4/41 [poisoned by an adder]
  3126 | Sewer    | HP: 9/41 [leopard gecko (4)]
  3133 | Sewer    | HP: 5/41 [leopard gecko (1)]
  3570 | Sewer    | Noticed a bullfrog
  3571 | Sewer    | Noticed a bullfrog
  3589 | Sewer    | Gained mutation: You are clumsy. (Dex -2) [potion of mutation]
  3589 | Sewer    | Gained mutation: You have an increased reservoir of magic. (+10% MP) [potion of mutation]
  3589 | Sewer    | Gained mutation: You occasionally shout uncontrollably at your foes. [potion of mutation]
  3589 | Sewer    | Gained mutation: You evolve. [potion of mutation]
  3595 | Sewer    | HP: 10/41 [bullfrog (1)]
  3597 | Sewer    | HP: 4/41 [bullfrog (6)]
  3598 | Sewer    | Slain by a bullfrog

Vault maps used:
D:1:      dpeg_arrival_more_subterranean_lakeside_camping
D:2:      first_bread, st_stairs_13
D:3:      lemuel_crystal_altar, portal_sewer_entry_d, due_unseen_surprise
Sewer:    sewer_frog_island_02

Skill      XL: |  1  2  3  4 |
---------------+-------------+-----
Maces & Flails | 3 4 |  4.9
Fighting       | 3 |  3.5
Throwing       | |  1.0
Armour         | |  1.1
Dodging        | |  1.7
Spellcasting   | |  2.1
Translocations | |  2.6

Action                   |  1- 3 |  4- 6 || total
-------------------------+-------+-------++-------
Melee: Mace              |   127 |   246 ||   373
 Abil: Dig               |     3 |     4 ||     7
  Use: Scroll            |       |     7 ||     7
       Potion            |       |     8 ||     8
  Eat: Chunk             |     3 |     7 ||    10
Armor: Leather armour    |    42 |    92 ||   134
Dodge: Dodged            |    91 |   224 ||   315

Vault maps used:
D:1:      dpeg_arrival_more_subterranean_lakeside_camping
D:2:      first_bread, st_stairs_13
D:3:      lemuel_crystal_altar, portal_sewer_entry_d, due_unseen_surprise
Sewer:    sewer_frog_island_02

Table legend:
 A = Turns spent in this place as a percentage of turns spent in the entire game.
 B = Non-inter-level travel turns spent in this place as a percentage of non-inter-level travel turns spent in the entire game.
 C = Inter-level travel turns spent in this place as a percentage of turns spent in this place.
 D = Turns resting spent in this place as a percentage of non-inter-level travel turns spent in this place.
 E = Turns spent auto-exploring this place as a percentage of non-inter-level travel turns spent in this place.
 F = Non-inter-level travel turns spent in this place divided by the number of levels of this place that you've seen.
                   A       B       C       D       E      F
               +-------+-------+-------+-------+-------+----------------------
         Total | 100.0 | 100.0 |   0.3 |   2.2 |   5.4 | 367.0
       Dungeon |  62.2 |  62.1 |   0.4 |   1.1 |   8.7 | 303.7
         Sewer |  37.8 |  37.9 |   0.0 |   3.9 |   0.0 | 557.0
               +-------+-------+-------+-------+-------+----------------------

Table legend:
 A = Kills in this place as a percentage of kills in entire the game.
 B = Kills by you in this place as a percentage of kills by you in the entire game.
 C = Kills by friends in this place as a percentage of kills by friends in the entire game.
 D = Other kills in this place as a percentage of other kills in the entire game.
 E = Experience gained in this place as a percentage of experience gained in the entire game.
 F = Experience gained in this place divided by the number of levels of this place that you have seen.
                   A       B       C       D       E      F
               +-------+-------+-------+-------+-------+----------------------
         Total | 100.0 | 100.0 |  -nan |  -nan | 100.0 |  63.0
       Dungeon |  54.0 |  54.0 |  -nan |  -nan |  44.4 |  37.3
         Sewer |  46.0 |  46.0 |  -nan |  -nan |  55.6 | 140.0
               +-------+-------+-------+-------+-------+----------------------
